 Dungeon Crawl Stone Soup version 0.22-a0-603-gfc1114d (webtiles) character file.

159 Amnesiac the Conjurer (level 5, 0/28 HPs)
             Began as a Deep Elf Wizard on July 8, 2018.
             Was a Follower of Ashenzari.
             Succumbed to an adder's poison
             ... on level 3 of the Dungeon.
             The game lasted 00:03:55 (2640 turns).

Amnesiac the Conjurer (Deep Elf Wizard)             Turns: 2640, Time: 00:03:55

Health: 0/28       AC:  3    Str:  4    XL:     5   Next: 17%
Magic:  1/14       EV: 13    Int: 24    God:    Ashenzari [*.....]
Gold:   233        SH:  0    Dex: 13    Spells: 2/13 levels left

rFire    . . .     SeeInvis .   p - -3 short sword (curse)
rCold    . . .     Gourm    .   (no shield)
rNeg     . . .     Faith    +   a - +0 robe
rPois    .         Spirit   .   (no helmet)
rElec    .         Reflect  .   (no cloak)
rCorr    .         Harm     .   c - +0 pair of gloves
MR       .....                  (no boots)
Stlth    ++........             j - amulet of faith
HPRegen  0.09/turn              (no ring)
MPRegen  0.14/turn              (no ring)

@: lethally poisoned (0 -> -2), very slightly contaminated
A: no striking features
a: Curse Item, Scrying, Renounce Religion


You were on level 3 of the Dungeon.
You worshipped Ashenzari.
Ashenzari was aware of your devotion.
You were not hungry.

You visited 1 branch of the dungeon, and saw 3 of its levels.

You collected 233 gold pieces.

Inventory:

Hand Weapons
 p - a cursed -3 short sword (weapon)
Armour
 a - a +0 robe (worn)
 c - a +0 pair of gloves (worn)
Jewellery
 j - an amulet of faith (around neck)
Scrolls
 b - a scroll of immolation {!r, unknown}
 e - a scroll of remove curse {!r}
 f - 2 scrolls of teleportation {!r, unknown}
 i - a scroll of fear {!r, unknown}
 k - a scroll of enchant armour {!r, unknown}
 o - 3 scrolls of identify {!r, unknown}
 s - a scroll of magic mapping {!r, unknown}
 t - a scroll of enchant weapon {!r, unknown}
Potions
 g - a potion of magic {!q, unknown}
 l - 3 potions of curing {!q, unknown}
 m - a potion of agility {!q, unknown}
 n - a potion of flight {!q, unknown}
 q - a potion of mutation {!q, unknown}
 r - a potion of brilliance {!q, unknown}
Comestibles
 d - 6 rations
 h - 4 chunks of flesh


   Skills:
 - Level 2.4 Dodging
 - Level 2.4 Stealth
 + Level 4.9 Spellcasting
 * Level 5.3 Conjurations
 - Level 1.1 Summonings
 - Level 1.1 Translocations


You had 2 spell levels left.
You knew the following spells:

 Your Spells              Type           Power        Failure   Level  Hunger
a - Magic Dart            Conj           ####         1%          1    None
b - Call Imp              Summ           ##......     9%          2    None
e - Mephitic Cloud        Conj/Pois/Air  ##......     13%         3    ##.....
s - Conjure Flame         Conj/Fire      ###.....     9%          3    ##.....
v - Blink                 Tloc           N/A          9%          2    None

Your spell library contained the following spells:

 Spells                   Type           Power        Failure   Level  Hunger
 Slow                     Hex            #.......     14%         2    None


Dungeon Overview and Level Annotations

Branches:
Dungeon (3/15)

Altars:
Ashenzari
Dithmenos


Message History

You feel sick.
The orc shouts!
The kobold shouts!
You hear a shout! x2
An orc comes into view. It is wielding a hand axe. x2
The orc shouts!
You see here an adder corpse.
You butcher the adder corpse.
You see here 2 chunks of flesh.
There are monsters nearby!
Casting: Magic Dart (safe; 1% risk of failure)
Confirm with . or Enter, or press ? or * to list all spells.
Aiming: Magic Dart (safe; 1% risk of failure)
Press: ? - help, Shift-Dir - straight line, f - kobold
Aim: a kobold, wielding a club The magic dart hits the kobold.
The kobold is heavily wounded.
You feel sick.
An orc comes into view. It is wielding a club. x2
Casting: Magic Dart (safe; 1% risk of failure)
Confirm with . or Enter, or press ? or * to list all spells.
Aiming: Magic Dart (safe; 1% risk of failure)
Press: ? - help, Shift-Dir - straight line, f/p - kobold
Aim: a kobold, wielding a club (heavily wounded)
The magic dart hits the kobold.
You kill the kobold!
You feel sick.
Casting: Magic Dart (safe; 1% risk of failure)
Confirm with . or Enter, or press ? or * to list all spells.
Aiming: Magic Dart (safe; 1% risk of failure)
Press: ? - help, Shift-Dir - straight line, f - orc
Aim: an orc The magic dart hits the orc.
You kill the orc!
You feel sick.
Casting: Magic Dart (safe; 1% risk of failure)
Confirm with . or Enter, or press ? or * to list all spells.
Aiming: Magic Dart (safe; 1% risk of failure)
Press: ? - help, Shift-Dir - straight line, f - orc
Aim: an orc, wielding a hand axe The magic dart hits the orc.
The orc is moderately wounded.
The orc hits you with a hand axe.
* * * LOW HITPOINT WARNING * * *
You see here an uncursed robe.
Casting: Magic Dart (safe; 1% risk of failure)
Confirm with . or Enter, or press ? or * to list all spells.
Aiming: Magic Dart (safe; 1% risk of failure)
Press: ? - help, Shift-Dir - straight line, f/p - orc
Aim: an orc, wielding a hand axe The magic dart hits the orc.
The orc is heavily wounded.
You feel sick. The orc closely misses you.
Casting: Magic Dart (safe; 1% risk of failure)
Confirm with . or Enter, or press ? or * to list all spells.
You miscast Call Imp.
You are very lightly contaminated with residual magic.
You hear strange voices.
You feel sick. The orc misses you.
Casting: Call Imp (safe; 9% risk of failure)
Confirm with . or Enter, or press ? or * to list all spells.
A beastly little devil appears in a puff of frigid air.
The orc hits you with a hand axe!
* * * LOW HITPOINT WARNING * * *
You swap places.
You die...

#.###....................#
#.
#.#...###.....###.#.####.#
##. #.#.#.# ##...## #.#.#
#.# #.. #..>..# ##....
..#.# #.# #.. ###...##
#.#####.#.# #.# #..
###....####.# #.#)# #.# ###
......_.....## #.#.# #.# #
......#..#...####...####.#
#
###..##....#....@........#
#..
#..#...###5#.###..#########
.... ##.##.## #.#.#
#...........
####.......#.###o#.
#.##########
.###..###.##o#. #.# #.##
##..o#. #.# #..###o####.
#.# #...#.## #.# b###..#o##
#.#


You could see 3 orcs and a friendly white imp.

Vanquished Creatures
  3 adders (D:3)
  3 oozes
  A dart slug (D:2)
  2 orcs (D:3)
  A ball python (D:1)
  3 giant cockroaches
  5 goblins
  7 hobgoblins
  2 jackals (D:3)
  10 bats
  4 frilled lizards
  10 kobolds
  13 rats
64 creatures vanquished.

Vanquished Creatures (collateral kills)
  An ogre (D:3)
  A worm (D:1)
2 creatures vanquished.

Grand Total: 66 creatures vanquished

Notes
Turn   | Place    | Note
-------+----------+-------------------------------------------
     0 | D:1      | Amnesiac the Deep Elf Wizard began the quest for the Orb.
     0 | D:1      | Reached XP level 1. HP: 10/10 MP: 7/7
   435 | D:3      | Reached skill level 2 in Conjurations
   517 | D:3      | Reached XP level 2. HP: 15/15 MP: 5/9
   523 | D:3      | Learned a level 2 spell: Blink
   526 | D:3      | Learned a level 2 spell: Call Imp
   536 | D:3      | Noticed an ogre
   543 | D:3      | Killed an ogre
   543 | D:3      | Reached skill level 4 in Conjurations
   543 | D:3      | Reached XP level 3. HP: 19/19 MP: 0/11
   618 | D:3      | Learned a level 3 spell: Conjure Flame
   622 | D:3      | Learned a level 3 spell: Mephitic Cloud
   658 | D:3      | Found a shattered altar of Ashenzari.
   749 | D:3      | Reached XP level 4. HP: 24/24 MP: 10/12
   838 | D:3      | Became a worshipper of Ashenzari the Shackled
  2015 | D:2      | Reached * piety under Ashenzari
  2200 | D:2      | Reached skill level 5 in Conjurations
  2537 | D:3      | Reached XP level 5. HP: 18/28 MP: 12/14
  2594 | D:3      | Found a shadowy altar of Dithmenos.
  2638 | D:3      | HP: 1/28 [orc/hand axe (7)]
  2640 | D:3      | Succumbed to an adder's poison

Vault maps used:
D:1:      dpeg_arrival_castle, item_on_display_b
D:2:      kennysheep_big_empty_room
D:3:      cheibrodos_ashenzari_chains, overflow_temple_1_default

Skill      XL: |  1  2  3  4 |
---------------+-------------+-----
Conjurations   | 2 4 5 |  5.3
Dodging        | |  2.4
Stealth        | |  2.4
Spellcasting   | |  4.9
Summonings     | |  1.1
Translocations | |  1.1

Action                   |  1- 3 |  4- 6 || total
-------------------------+-------+-------++-------
Melee: Dagger            |     1 |       ||     1
       Short sword       |       |     7 ||     7
 Cast: Magic Dart        |    26 |   109 ||   135
       Call Imp          |     3 |     3 ||     6
  Eat: Chunk             |       |     5 ||     5
Armor: Robe              |     2 |     6 ||     8
Dodge: Dodged            |     3 |    25 ||    28

Table legend:
 A = Spawn XP
 B = Non-spawn XP
 C = Spawn XP percentage of total XP
 D = Spawn monster count
 E = Non-spawn monster count
 F = Spawn count percentage of total count
 G = Total turns spent on level
                    A         B        C        D         E        F      G
               +---------+---------+-------+---------+---------+-------+---------
         Total |       0 |     228 |   0.0 |       0 |      66 |   0.0 |  2640
               +---------+---------+-------+---------+---------+-------+---------
           D:1 |       0 |      38 |   0.0 |       0 |      20 |   0.0 |  1442
           D:2 |       0 |      42 |   0.0 |       0 |      22 |   0.0 |   487
           D:3 |       0 |     148 |   0.0 |       0 |      24 |   0.0 |   711
               +---------+---------+-------+---------+---------+-------+---------
